 Dungeon Crawl Stone Soup version 0.29.1-1-gd02db6906a (webtiles) character file.

Game seed: 360798625699967405

2174 funnyparkerb the Cutter (level 9, -9/48 HPs)
             Began as a Vine Stalker Monk on Sept 29, 2022.
             Was a Follower of Uskayaw.
             Mangled by a hornet (12 damage)
             ... on level 7 of the Dungeon.
             The game lasted 00:15:16 (5994 turns).

funnyparkerb the Cutter (Vine Stalker Monk)         Turns: 5994, Time: 00:15:16

Health: -9/48      AC:  8    Str: 14    XL:     9   Next: 32%
Magic:  0/12       EV: 11    Int: 10    God:    Uskayaw [*.....]
Gold:   329        SH:  0    Dex: 21    Spells: 8/8 levels left

rFire   + . .      SeeInvis .   H - +2 dagger (speed)
rCold   + . .      Faith    .   (no shield)
rNeg    . . .      Spirit   +   f - +0 scale mail
rPois   .          Reflect  .   d - +0 helmet
rElec   .          Harm     .   n - scarf {rC+ rF+}
rCorr   .          Rampage  .   (no gloves)
Will    +....                   (no boots)
Stlth   ++........              (no amulet)
HPRegen 0.96/turn               (no ring)
MPRegen 0.13/turn               (no ring)

@: flying, slowed, very slow
A: fangs 3, regeneration 1, magic shield, antimagic bite, no potion heal 2
a: Renounce Religion, Stomp


You were on level 7 of the Dungeon.
You worshipped Uskayaw.
Uskayaw was noncommittal.
You visited 2 branches of the dungeon, and saw 8 of its levels.

You collected 329 gold pieces.

Inventory:

Hand Weapons
 a - a +4 short sword of protection
 g - a +0 rapier
 H - a +2 dagger of speed (weapon)
Missiles
 F - 4 poisoned darts (quivered)
Armour
 d - a +0 helmet (worn)
 f - a +0 scale mail (worn)
 n - a scarf of resistance (worn)
 u - a +0 chain mail
Wands
 s - a wand of digging (12)
 y - a wand of mindburst (12)
Scrolls
 b - a scroll of summoning {unknown}
 e - a scroll of enchant armour {unknown}
 j - a scroll of enchant weapon {unknown}
 k - a scroll of acquirement {unknown}
 l - 2 scrolls of poison
 m - 2 scrolls of magic mapping {unknown}
 o - 2 scrolls of teleportation {unknown}
 p - 3 scrolls of amnesia {unknown}
 q - 8 scrolls of identify {unknown}
 D - a scroll of immolation {unknown}
 G - 3 scrolls of vulnerability {unknown}
Potions
 c - a potion of ambrosia
 h - a potion of magic {unknown}
 i - 2 potions of cancellation
 r - 2 potions of mutation {unknown}
 t - 2 potions of flight
 v - a potion of berserk rage {unknown}
 w - 2 potions of lignification {unknown}
 x - 2 potions of heal wounds {unknown}
 z - a potion of degeneration {unknown}
 A - a potion of haste
 B - 2 potions of brilliance {unknown}
 C - a potion of might {unknown}
 E - 2 potions of curing


   Skills:
 * Level 5.8 Fighting
 + Level 6.7 Short Blades
 + Level 3.3 Armour
 + Level 4.3 Dodging
 + Level 6.1 Stealth
 + Level 3.2 Invocations


You had 8 spell levels left.
You didn't know any spells.
Your spell library contained the following spells:

 Spells                   Type           Power      Damage    Failure   Level
 Apportation              Tloc           0%         N/A       83%         1
 Necrotise                Necr           0%         1d4       83%         1
 Slow                     Hex            0%         N/A       83%         1
 Summon Small Mammal      Summ           0%         N/A       83%         1
 Confusing Touch          Hex            0%         N/A       99%         3
 Vampiric Draining        Necr           0%         2d6       99%         3


Dungeon Overview and Level Annotations

Branches:
Dungeon (7/15)             Temple (1/1) D:5

Altars:
Ashenzari
Elyvilon
Fedhas
Makhleb
Nemelex Xobeh
Trog
Uskayaw
Vehumet
Wu Jian
Xom
Zin
The Shining One


Innate Abilities, Weirdness & Mutations

You have razor-sharp teeth.
Your natural rate of healing is unusually fast.
When hurt, damage is shared between your health and your magic reserves.
Your bite disrupts and absorbs the magic of your enemies.
Potions cannot restore your health.


Message History

The hornet stings you but does no damage.
You feel sick. The hornet barely misses you. The hornet completely misses you.
You can move again.
Okay, then.
Okay, then.
Okay, then.
Okay, then.
The air fills with toxic fumes!
As you read the scroll labelled UXZECV ZASIFAE, it crumbles to dust.
It was a scroll of poison.
You feel sick. The hornet stings you!
* * * LOW HITPOINT WARNING * * *
You are more poisoned.
You feel yourself slow down.
It was a potion of cancellation.
Your magical effects are unravelling.
You feel magically purged.
You feel yourself speed up.
* * * LOW HITPOINT WARNING * * *
You feel very sick. The hornet barely misses you. The hornet stings you.
* * * LOW HITPOINT WARNING * * *
You feel yourself slow down. The hornet barely misses you.
It was a potion of flight.
You feel very buoyant.
You fly up into the air.
You feel yourself speed up.
* * * LOW HITPOINT WARNING * * *
You feel very sick.
The hornet stings you but does no damage.
The hornet barely misses you.
You can no longer pass through a line of other dancers.
It was a potion of curing.
Your system rejects the healing.
You feel better. The hornet stings you.
You are lethally poisoned!
You feel yourself slow down.
Your system rejects the healing.
You feel better. The hornet stings you.
* * * LOW HITPOINT WARNING * * *
You feel as though you will be slow longer.
The hornet stings you!
You die...

.. ... .. ... #.
.. . .. # .##.
#§#§#####..
§§§☼§§§§#.#
.#§§§§@#.########
§§§§§§§§y.§§§§§...
§§#§###§#§§#######
# #§#§§§####
#.§§§.#§§§.##
...§§§.####§.#
.#.#§#.# ##.#####
#.#§#.# #.....##
#.#.#+# #####..###


You could see a hornet.

Vanquished Creatures
  Grinder (D:6)
  Prince Ribbit (D:7)
  Sigmund (D:2)
  A black bear (D:7)
  4 ogres
  A phantom (D:6)
  A bullfrog (D:7)
  A necrophage (D:6)
  5 wights
  4 orc priests
  2 hounds (D:5)
  A jelly (D:6)
  3 iguanas
  4 orc wizards
  18 gnolls
  6 adders
  A white imp (D:6)
  7 worms
  12 orcs
  A ball python (D:3)
  7 bats
  6 endoplasms
  2 giant cockroaches
  7 goblins
  5 hobgoblins
  8 jackals
  4 quokkas
  4 frilled lizards
  9 kobolds
  3 rats (D:2)
130 creatures vanquished.

Vanquished Creatures (others)
  3 fungi (D:1)
  8 plants
11 creatures vanquished.

Grand Total: 141 creatures vanquished

Notes
Turn   | Place    | Note
-------+----------+-------------------------------------------
     0 | D:1      | funnyparkerb the Vine Stalker Monk began the quest for the
                  | Orb.
     0 | D:1      | Reached XP level 1. HP: 11/11 MP: 2/2
   335 | D:1      | Reached XP level 2. HP: 16/16 MP: 3/3
   560 | D:1      | You fall into a shaft and drop 1 floor!
  1130 | D:2      | Reached XP level 3. HP: 19/20 MP: 4/4
  1907 | D:2      | Reached skill level 1 in Armour
  2030 | D:2      | Gained mutation: Your natural rate of healing is unusually
                  | fast. [Vine Stalker growth]
  2030 | D:2      | Reached XP level 4. HP: 24/24 MP: 5/5
  2042 | D:2      | Noticed Sigmund
  2455 | D:1      | Found a faded altar of an unknown god.
  2608 | D:2      | Reached XP level 5. HP: 25/29 MP: 4/6
  2775 | D:2      | Killed Sigmund
  2776 | D:2      | Reached XP level 6. HP: 28/34 MP: 5/7
  3011 | D:3      | Found a broken altar of Ashenzari.
  3148 | D:3      | Found a glowing golden altar of the Shining One.
  3444 | D:4      | Reached XP level 7. HP: 24/38 MP: 5/8
  3492 | D:4      | Reached skill level 5 in Short Blades
  3956 | D:5      | Entered Level 5 of the Dungeon
  4088 | D:5      | Found a white marble altar of Elyvilon.
  4122 | D:5      | Found a staircase to the Ecumenical Temple.
  4132 | Temple   | Entered the Ecumenical Temple
  4197 | Temple   | Became a worshipper of Uskayaw the Reveller
  4197 | Temple   | Reached * piety under Uskayaw
  4269 | D:5      | Reached ** piety under Uskayaw
  4278 | D:5      | Reached *** piety under Uskayaw
  4341 | D:5      | Found a bloodstained altar of Trog.
  4544 | D:5      | Gained mutation: You have razor-sharp teeth. [Vine Stalker
                  | growth]
  4544 | D:5      | Reached XP level 8. HP: 39/42 MP: 7/9
  4720 | D:5      | Reached skill level 1 in Invocations
  5201 | D:6      | Reached skill level 5 in Stealth
  5362 | D:6      | Reached skill level 5 in Fighting
  5374 | D:6      | Found an ornate altar of the Wu Jian Council.
  5381 | D:6      | Noticed a spectral centipede
  5381 | D:6      | Noticed a spectral black mamba
  5488 | D:6      | Noticed Grinder
  5498 | D:6      | Killed Grinder
  5499 | D:6      | Reached XP level 9. HP: 36/47 MP: 8/12
  5974 | D:7      | Noticed Prince Ribbit
  5980 | D:7      | Killed Prince Ribbit
  5981 | D:7      | Noticed a hornet
  5987 | D:7      | Paralysed by a hornet for 3 turns
  5992 | D:7      | HP: 1/48 [poisoned by a hornet]
  5994 | D:7      | Mangled by a hornet

Illustrated notes

Levels and vault maps discovered:
D:1:      lightli_molten_gateway, layout_rooms,
          shapermc_ecumenical_altar_mp_ritualfount
D:2:      layout_basic, uniq_sigmund
D:3:      layout_loops_ring, marbit_many_paths, general_overflow_altar
D:4:      layout_basic
D:5:      layout_cave_pools, nicolae_elyvilon_temple_path, trog_book,
          minmay_temple_entry_glass
D:6:      layout_loops_ring, pdpol_wu_jian_five_deadly_venoms, uniq_grinder
D:7:      layout_basic, mainiacjoe_overflow_boulevard, serial_shops, shop,
          minmay_crossroads, uniq_prince_ribbit1
Temple:   bh_familiar_temple

Skill      XL: |  1  2  3  4  5  6  7  8  9 |
---------------+----------------------------+-----
Fighting       | 3 4 5 |  5.8
Stealth        | 3 4 5 6 |  6.1
Armour         | 1 2 3 |  3.3
Dodging        | 3 4 |  4.3
Short Blades   | 4 6 |  6.7
Invocations    | 2 3 |  3.2

Action                   |  1- 3 |  4- 6 |  7- 9 || total
-------------------------+-------+-------+-------++-------
Melee: Short sword       |   154 |   115 |   204 ||   473
       Bite              |    41 |    41 |    65 ||   147
       Punch             |       |       |     4 ||     4
       Dagger            |       |       |    16 ||    16
Throw: Dart              |       |       |     8 ||     8
Invok: Line Pass         |       |       |     4 ||     4
  Use: Potion            |       |     4 |     4 ||     8
       Scroll            |       |       |     1 ||     1
 Stab: Sleeping          |     6 |     2 |     4 ||    12
       Distracted        |     3 |       |     1 ||     4
       Paralysed         |       |       |     4 ||     4
       Confused          |       |       |     1 ||     1
Armor: Robe              |    17 |     4 |       ||    21
       Scale mail        |       |    38 |    85 ||   123
Dodge: Dodged            |    85 |    60 |   119 ||   264
